 Dungeon Crawl Stone Soup version 0.20.0-15-g7f486f2 (webtiles) character file.

3151 dvd the Thaumaturge (level 9, -20/48 HPs)
             Began as a Deep Elf Fire Elementalist on June 14, 2017.
             Was a Follower of Vehumet.
             Shot with a sling bullet by Joseph (21 damage)
             ... on level 7 of the Dungeon.
             The game lasted 00:24:07 (8396 turns).

dvd the Thaumaturge (Deep Elf Fire Elementalist)    Turns: 8396, Time: 00:24:08

Health: -20/48     AC:  8    Str:  5    XL:     9   Next: 62%
Magic:  7/34       EV: 15    Int: 24    God:    Vehumet [*.....]
Gold:   428        SH:  0    Dex: 15    Spells: 13/29 levels left

rFire    . . .     SeeInvis .   u - +0 dagger (venom)
rCold    . . .     Gourm    .   (no shield)
rNeg     . . .     Faith    .   H - +0 robe (curse)
rPois    .         Spirit   .   J - +1 hat
rElec    .         Reflect  .   (no cloak)
rCorr    .         Harm     .   (no gloves)
MR       .....                  (no boots)
Stlth    +++.......             (no amulet)
Regen    0.2/turn               I - +5 ring of protection
MPRegen  0.3/turn               v - ring of magical power

@: very slightly contaminated
A: mutation resistance 1
a: Renounce Religion


You were on level 7 of the Dungeon.
You worshipped Vehumet.
Vehumet was aware of your devotion.
You were hungry.

You visited 2 branches of the dungeon, and saw 8 of its levels.

You collected 428 gold pieces.

Inventory:

Hand Weapons
 o - a +0 quarterstaff
 u - a +0 dagger of venom (weapon)
Armour
 H - a cursed +0 robe (worn)
 J - a +1 hat (worn)
Jewellery
 e - an uncursed ring of protection from magic
 f - a +2 ring of strength
 j - an uncursed ring of ice
 v - a ring of magical power (right hand)
 I - a +5 ring of protection (left hand)
Wands
 a - a wand of confusion (17/48)
Scrolls
 h - 11 scrolls of identify
 k - 6 scrolls of remove curse
 p - 2 scrolls of enchant weapon {unknown}
 s - a scroll of amnesia {unknown}
 x - 4 scrolls of teleportation {unknown}
 y - 3 scrolls of immolation {unknown}
 E - a scroll of summoning {unknown}
 F - a scroll of recharging {unknown}
Potions
 d - 2 potions of cancellation
 g - a potion of lignification {unknown}
 i - 2 potions of heal wounds {unknown}
 l - a potion of ambrosia {unknown}
 m - 3 potions of curing
 n - 2 potions of flight {unknown}
 r - a potion of might {unknown}
 w - 3 potions of degeneration {unknown}
 z - a potion of berserk rage {unknown}
 A - a potion of invisibility {unknown}
 B - 2 potions of agility {unknown}
Books
 b - a book of Flames

   Spells                             Type                      Level
   a - Flame Tongue                   Conjuration/Fire             1
   b - Throw Flame                    Conjuration/Fire             2
   c - Conjure Flame                  Conjuration/Fire             3
   d - Inner Flame                    Hexes/Fire                   3
   e - Sticky Flame                   Conjuration/Fire             4
   f - Fireball                       Conjuration/Fire             5
 C - a book of Necromancy

   Spells                             Type                      Level
   a - Pain                           Necromancy                   1
   b - Animate Skeleton               Necromancy                   1
   c - Vampiric Draining              Necromancy                   3
   d - Regeneration                   Charms/Necromancy            3
   e - Animate Dead                   Necromancy                   4
   f - Control Undead                 Necromancy                   4
Comestibles
 c - 5 bread rations
 q - 2 meat rations
 t - 3 royal jellies
 D - 3 chunks of flesh


   Skills:
 + Level 2.2 Fighting
 + Level 1.8 Short Blades
 + Level 4.9 Dodging
 + Level 4.0 Stealth
 + Level 10.7 Spellcasting
 + Level 7.4 Conjurations
 + Level 7.8 Fire Magic


You had 13 spell levels left.
You knew the following spells:

 Your Spells              Type           Power        Failure   Level  Hunger
a - Flame Tongue          Conj/Fire      #####        1%          1    None
b - Throw Flame           Conj/Fire      #####.       1%          2    None
c - Sticky Flame          Conj/Fire      #####...     1%          4    None
d - Fireball              Conj/Fire      #####.....   6%          5    ####...
e - Regeneration          Chrm/Necr      ##........   14%         3    None
f - Freeze                Ice            ##..         4%          1    None


Dungeon Overview and Level Annotations

Branches:
Dungeon (7/15)             Temple (1/1) D:5

Altars:
Ashenzari
Cheibriados
Dithmenos
Elyvilon
Fedhas
Gozag
Hepliaklqana
Kikubaaqudgha
Makhleb
Nemelex Xobeh
Okawaru
Qazlal
Ru
Sif Muna
Trog
Uskayaw
Vehumet
Xom
Yredelemnul
Zin
The Shining One

Annotations:
D:4 Zleub's ghost, novice MfSk
D:7 Joseph


Innate Abilities, Weirdness & Mutations

You are somewhat resistant to further mutation.


Message History

Aim: Joseph, wielding a hunting sling of velocity and wearing a leather armour (heavily wounded)
The flame tongue hits Joseph.
Joseph is severely wounded.
Joseph shoots a sling bullet.
The sling bullet hits you!
* * * LOW HITPOINT WARNING * * *
x2 Unknown command.
It was a potion of curing.
You feel better.
Joseph shoots a sling bullet.
The sling bullet hits you!
* * * LOW HITPOINT WARNING * * *
x2 Unknown command.
Casting: Flame Tongue
Confirm with . or Enter, or press ? or * to list all spells.
Aiming: Fireball
Press: ? - help, Shift-Dir - straight line, f/p - Joseph
Aim: Joseph, wielding a hunting sling of velocity and wearing a leather armour (severely wounded)
The fireball explodes!
The fireball engulfs Joseph.
Joseph is almost dead.
You hear a shout! x2
Joseph shoots a sling bullet.
The sling bullet hits you!!
You die...

........ #......#
#######.
##......#....#.......
#.......#....#.....#.
#....@..#....#.....#. ..
#......#....#.....#.
...##......#....#.....#.
...........#....#.....#.
......†@...#....#.....+.
...........'....#.....#.
#####......#....#.......
#.(....#....#...≈≈P.
.........#....###.P≈P.
..........#....#...P≈≈.
..##......#....#....P♣.
## #......#....#.....#.
######+#....#######.


You could see Joseph.

Vanquished Creatures
  The ghost of NoNouf the Protected, a novice GrFi of Ashenzari (D:6)
  The ghost of dvd the Covert, a novice SpEn (D:5)
  5 ice beasts
  A sky beast (D:6)
  A phantom (D:6)
  3 ogres
  A centaur (D:6)
  4 bullfrogs
  A jelly (D:7)
  3 scorpions
  3 wights (D:6)
  A crimson imp (D:7)
  3 howler monkeys (D:7)
  A quasit (D:7)
  8 orc wizards
  2 orc priests
  3 hounds
  A bullfrog skeleton (D:5)
  2 iguanas
  6 worker ants
  A hound skeleton (D:6)
  A mummy (D:4)
  4 gnolls (D:5)
  A howler monkey skeleton (D:4)
  9 adders
  An ooze (D:2)
  An adder zombie (D:7)
  2 dart slugs
  3 leopard geckos
  23 orcs
  8 giant cockroaches
  8 goblins
  9 hobgoblins
  21 jackals
  5 kobolds
  3 quokkas
  9 bats
  4 frilled lizards
  2 hobgoblin zombies (D:4)
  2 orc zombies (D:4)
  14 rats
182 creatures vanquished.

Notes
Turn   | Place    | Note
-------+----------+-------------------------------------------
     0 | D:1      | dvd the Deep Elf Fire Elementalist began the quest for the Orb.
     0 | D:1      | Reached XP level 1. HP: 10/10 MP: 6/6
   207 | D:1      | Reached XP level 2. HP: 12/15 MP: 2/8
   291 | D:1      | Learned a level 2 spell: Throw Flame
   626 | D:1      | Reached XP level 3. HP: 16/19 MP: 7/10
   941 | D:2      | Found a sacrificial altar of Ru.
  1126 | D:2      | Reached skill level 4 in Spellcasting
  1413 | D:2      | Found a sparkling altar of Nemelex Xobeh.
  1583 | D:2      | Reached XP level 4. HP: 24/24 MP: 7/12
  1589 | D:2      | Learned a level 4 spell: Sticky Flame
  2263 | D:3      | Found an opulent altar of Gozag.
  2842 | D:4      | Noticed an ogre
  2853 | D:4      | Killed an ogre
  2853 | D:4      | Reached skill level 5 in Spellcasting
  2853 | D:4      | Reached XP level 5. HP: 28/28 MP: 12/14
  2944 | D:4      | Found an ancient bone altar of Kikubaaqudgha.
  2946 | D:4      | Found a hazy altar of Hepliaklqana.
  3006 | D:4      | Noticed Zleub's ghost (novice MfSk)
  3133 | D:5      | Entered Level 5 of the Dungeon
  3142 | D:5      | Reached XP level 6. HP: 12/32 MP: 14/16
  3186 | D:5      | Noticed dvd's ghost (novice SpEn)
  3763 | D:4      | Reached skill level 6 in Spellcasting
  3763 | D:4      | Reached skill level 5 in Fire Magic
  4465 | D:5      | Learned a level 5 spell: Fireball
  4473 | D:5      | Noticed an ice beast
  4478 | D:5      | Killed an ice beast
  4478 | D:5      | Reached XP level 7. HP: 37/37 MP: 19/19
  4707 | D:5      | Killed dvd's ghost
  4707 | D:5      | Reached skill level 7 in Spellcasting
  4707 | D:5      | Reached skill level 5 in Conjurations
  5035 | D:5      | Found a staircase to the Ecumenical Temple.
  5041 | Temple   | Entered the Ecumenical Temple
  5439 | D:5      | Reached XP level 8. HP: 42/42 MP: 21/21
  5458 | D:5      | Reached skill level 8 in Spellcasting
  5710 | D:6      | Found a stormy altar of Qazlal.
  5742 | D:6      | Found a white marble altar of Elyvilon.
  5743 | D:6      | Found a burning altar of Makhleb.
  5751 | D:6      | Noticed NoNouf's ghost (novice GrFi)
  6012 | D:6      | Reached skill level 1 in Fighting
  6719 | D:6      | Reached skill level 9 in Spellcasting
  6734 | D:6      | Gained mutation: You are somewhat resistant to further mutation. [mutagenic meat]
  7059 | D:6      | Reached skill level 1 in Short Blades
  7169 | D:6      | Killed NoNouf's ghost
  7169 | D:6      | Reached XP level 9. HP: 48/48 MP: 3/24
  7256 | D:6      | Learned a level 3 spell: Regeneration
  7288 | D:6      | Found a radiant altar of Vehumet.
  7296 | D:6      | Became a worshipper of Vehumet
  7655 | D:7      | Reached skill level 10 in Spellcasting
  8078 | D:7      | Reached * piety under Vehumet
  8078 | D:7      | Offered knowledge of Freeze by Vehumet.
  8085 | D:7      | Learned a level 1 spell: Freeze
  8386 | D:7      | Noticed Joseph
  8394 | D:7      | HP: 2/48 [Joseph/sling bullet (14)]
  8396 | D:7      | Shot with a sling bullet by Joseph

Skill      XL: |  1  2  3  4  5  6  7  8  9 |
---------------+----------------------------+-----
Fire Magic     | 4 5 7 |  7.8
Spellcasting   | 4 5 6 7 9 10 | 10.7
Conjurations   | 2 3 4 5 6 7 |  7.4
Stealth        | 3 4 |  4.0
Dodging        | 3 4 |  4.9
Fighting       | 1 2 |  2.2
Short Blades   | 1 |  1.8

Action                   |  1- 3 |  4- 6 |  7- 9 || total
-------------------------+-------+-------+-------++-------
Melee: Dagger            |     2 |     4 |   118 ||   124
 Cast: Flame Tongue      |    56 |    54 |    86 ||   196
       Throw Flame       |    14 |    47 |    59 ||   120
       Sticky Flame      |       |     5 |    26 ||    31
       Fireball          |       |       |    22 ||    22
  Use: Scroll            |     1 |       |     1 ||     2
       Potion            |       |       |     1 ||     1
 Stab: Sleeping          |       |     1 |       ||     1
  Eat: Chunk             |     2 |     8 |    18 ||    28
       Royal jelly       |       |     1 |       ||     1
Armor: Robe              |     2 |     1 |    27 ||    30
Dodge: Dodged            |    10 |    19 |    92 ||   121
